 Dungeon Crawl Stone Soup version 0.29.1-13-g9f3cf754e1 (webtiles) character file.

Game seed: 5820767911748101482

389 protoss039 the Digger (level 6, -2/47 HPs)
             Began as a Demonspawn Earth Elementalist on Feb 11, 2023.
             Slain by an ice beast (4 damage)
             ... on level 5 of the Dungeon.
             The game lasted 00:10:20 (3965 turns).

protoss039 the Digger (DsEE)                        Turns: 3965, Time: 00:10:20

Health: -2/47      AC:  2    Str:  8    XL:     6   Next: 49%
Magic:  11/19      EV: 13    Int: 18    God:
Gold:   331        SH:  0    Dex: 14    Spells: 2/11 levels left

rFire   + . .      SeeInvis .   o - +0 rapier
rCold   . . .      Faith    .   (no shield)
rNeg    . . .      Spirit   .   a - +0 robe
rPois   .          Reflect  .   (no helmet)
rElec   .          Harm     .   (no cloak)
rCorr   .          Rampage  .   (no gloves)
Will    .....                   (no boots)
Stlth   ++........              (no amulet)
HPRegen 0.15/turn               g - ring of protection from fire
MPRegen 0.16/turn               t - ring of magical power

@: very slightly contaminated
A: spiny 1, weakness stinger 1
a: no special abilities


You were on level 5 of the Dungeon.
You visited 1 branch of the dungeon, and saw 5 of its levels.

You collected 331 gold pieces.

Inventory:

Hand Weapons
 o - a +0 rapier (weapon)
Armour
 a - a +0 robe (worn)
Jewellery
 g - a ring of protection from fire (left hand)
 t - a ring of magical power (right hand)
Wands
 f - a wand of polymorph (3)
Scrolls
 c - 2 scrolls of identify
 h - 3 scrolls of vulnerability {unknown}
 i - a scroll of fog {unknown}
 k - 3 scrolls of teleportation {unknown}
 l - a scroll of amnesia {unknown}
 m - a scroll of fear {unknown}
 r - a scroll of blinking {unknown}
Potions
 b - 2 potions of magic
 d - 3 potions of heal wounds
 e - a potion of curing
 j - a potion of brilliance {unknown}
 n - a potion of attraction {unknown}
 p - a potion of invisibility {unknown}
 q - 2 potions of degeneration {unknown}


   Skills:
 * Level 3.1 Fighting
 - Level 3.0 Dodging
 - Level 3.0 Stealth
 + Level 3.3 Spellcasting
 + Level 1.5 Conjurations
 - Level 1.0 Transmutations
 + Level 3.6 Earth Magic


You had 2 spell levels left.
You knew the following spells:

 Your Spells              Type           Power      Damage    Failure   Level
a - Sandblast             Erth           32%        2d9       3%          1
b - Passwall              Tmut/Erth      9%         N/A       10%         2
c - Stone Arrow           Conj/Erth      24%        3d8       16%         3
d - Mephitic Cloud        Conj/Pois/Air  4%         N/A       36%         3

Your spell library contained the following spells:

 Spells                   Type           Power      Damage    Failure   Level
 Sting                    Tmut/Pois      16%        1d3       13%         1
 Apportation              Tloc           4%         N/A       16%         1
 Necrotise                Necr           8%         1d4       16%         1
 Summon Small Mammal      Summ           8%         N/A       16%         1
 Poisonous Vapours        Pois/Air       4%         N/A       24%         2
 Dazzling Flash           Conj/Hex       10%        N/A       34%         3
 Call Canine Familiar     Summ           2%         N/A       43%         3
 Portal Projectile        Hex/Tloc       4%         N/A       43%         3
 Petrify                  Tmut/Erth      11%        N/A       52%         4
 Leda's Liquefaction      Hex/Erth       4%         N/A       58%         4
 Iskenderun's Mystic Bla  Conj/Tloc      5%         2d3       75%         4
 Corpse Rot               Necr/Pois/Air  2%         N/A       85%         4
 Olgreb's Toxic Radiance  Pois           2%         N/A       85%         4
 Starburst                Conj/Fire      2%         6d3       100%        6


Dungeon Overview and Level Annotations

Branches:
Dungeon (5/15) Zot: 25284
 Temple: D:4-7

Altars:
Gozag
Makhleb
Sif Muna
Trog
Wu Jian

Annotations:
D:5 Edmund


Innate Abilities, Weirdness & Mutations

You are partially covered in sharp spines.
You have a small tail.


Message History

Confirm with . or Enter, or press ? or * to list all spells.
Aiming: Sandblast (safe; 3% risk of failure)
Press: ? - help, Shift-Dir - straight line, f/p - ice beast
Aim: an ice beast (severely wounded, 82% to hit)
The blast of sand hits the ice beast but does no damage.
The ice beast is severely wounded.
The ice beast hits you. The ice beast freezes you!
Unknown command.
Unknown command.
Casting: Sandblast (safe; 3% risk of failure)
Confirm with . or Enter, or press ? or * to list all spells.
Aiming: Sandblast (safe; 3% risk of failure)
Press: ? - help, Shift-Dir - straight line, f/p - ice beast
Aim: an ice beast (severely wounded, 82% to hit)
The blast of sand hits the ice beast.
The ice beast is almost dead.
The ice beast is struck by your spines. The ice beast completely misses you.
The ice beast barely misses you.
Unknown command.
Casting: Sandblast (safe; 3% risk of failure)
Confirm with . or Enter, or press ? or * to list all spells.
Aiming: Sandblast (safe; 3% risk of failure)
Press: ? - help, Shift-Dir - straight line, f/p - ice beast
Aim: an ice beast (almost dead, 82% to hit)
You miscast Sandblast.
You are very lightly contaminated with residual magic.
Nothing appears to happen.
The ice beast is struck by your spines. The ice beast hits you.
The ice beast freezes you!
* * * LOW HITPOINT WARNING * * *
Unknown command.
Unknown command.
Casting: Sandblast (safe; 3% risk of failure)
Confirm with . or Enter, or press ? or * to list all spells.
Aiming: Sandblast (safe; 3% risk of failure)
Press: ? - help, Shift-Dir - straight line, f/p - ice beast
Aim: an ice beast (almost dead, 82% to hit)
The blast of sand hits the ice beast but does no damage.
The ice beast is almost dead.
The ice beast hits you.
You die...

.... .... .... ..# # ##
#####+###..###. ##.##.##
#.............. #.......
#.............. #...$...
#######......@.......
#.l.....
.###....##.......Y......
#......<
.......................>
#.......
........######.####..###
##..####
........##..##.### ..#
#. ####
.................+ ...
.... .................#
..? ....
#.####..##..###+## ###
.#.. # #####..# ###


You could see an ice beast.

Vanquished Creatures
  Sigmund (D:3)
  2 hounds
  Jessica (D:3)
  3 gnolls (D:4)
  5 adders
  A shadow imp (D:5)
  A worm (D:5)
  3 dart slugs
  An orc (D:3)
  4 ball pythons
  5 endoplasms
  8 giant cockroaches
  8 goblins
  3 hobgoblins
  2 jackals (D:4)
  3 quokkas
  2 bats (D:2)
  3 frilled lizards
  7 kobolds
  2 rats
65 creatures vanquished.

Notes
Turn   | Place    | Note
-------+----------+-------------------------------------------
     0 | D:1      | protoss039 the Demonspawn Earth Elementalist began the
                  | quest for the Orb.
     0 | D:1      | Reached XP level 1. HP: 13/13 MP: 3/3
   234 | D:1      | Found a faded altar of an unknown god.
   241 | D:1      | Gained mutation: You are partially covered in sharp spines.
                  | [demonic ancestry]
   241 | D:1      | Reached XP level 2. HP: 20/20 MP: 1/5
   334 | D:1      | Reached skill level 1 in Fighting
   581 | D:1      | Got the Codex of Vitiation
   848 | D:2      | Learned a level 2 spell: Passwall
   907 | D:2      | Reached skill level 1 in Transmutations
  1195 | D:2      | Reached XP level 3. HP: 26/26 MP: 6/6
  1847 | D:3      | Noticed Jessica
  1854 | D:3      | Killed Jessica
  1855 | D:3      | Reached XP level 4. HP: 23/32 MP: 7/7
  1940 | D:3      | You fall into a shaft and drop 1 floor!
  1958 | D:4      | Learned a level 3 spell: Stone Arrow
  2272 | D:3      | You fall into a shaft and drop 2 floors!
  2272 | D:5      | Entered Level 5 of the Dungeon
  2272 | D:5      | Found an ornate altar of the Wu Jian Council.
  2277 | D:5      | Noticed Edmund
  2403 | D:4      | Reached XP level 5. HP: 30/38 MP: 2/9
  2556 | D:4      | Found a burning altar of Makhleb.
  3022 | D:3      | Reached skill level 1 in Conjurations
  3370 | D:3      | Found a shimmering blue altar of Sif Muna.
  3432 | D:3      | Found a bloodstained altar of Trog.
  3447 | D:3      | Noticed Sigmund
  3458 | D:3      | Killed Sigmund
  3459 | D:3      | Discovered your monstrous ancestry.
  3459 | D:3      | Gained mutation: You have a small tail. [demonic ancestry]
  3459 | D:3      | Reached XP level 6. HP: 46/47 MP: 6/10
  3724 | D:3      | Found an opulent altar of Gozag.
  3795 | D:4      | Learned a level 3 spell: Mephitic Cloud
  3951 | D:5      | Noticed an ice beast
  3964 | D:5      | HP: 1/47 [ice beast (14)]
  3965 | D:5      | Slain by an ice beast

Illustrated notes

Levels and vault maps discovered:
D:1:      giann_horns, layout_rooms, hellmonk_ecumenical_altar_zigzags,
          serial_curves, eino_curves_02, eino_curves_03, minmay_tromino_v4_a
D:2:      layout_basic, roderic_serpentine_path
D:3:      layout_loops_ring, trog_antimagical, nicolae_overflow_hidden_temple,
          kennysheep_generic_room_11, uniq_sigmund, uniq_jessica
D:4:      layout_basic, bloody_makhleb, lightli_ossuary_entry_decrepit_ruins
D:5:      layout_gridville, nicolae_wu_jian_wuxing_cycle, uniq_edmund

Skill      XL: |  1  2  3  4  5 |
---------------+----------------+-----
Fighting       | 1 2 3 |  3.1
Earth Magic    | 3 |  3.6
Transmutations | 1 |  1.0
Dodging        | 2 3 |  3.0
Stealth        | 2 3 |  3.0
Conjurations   | 1 |  1.5
Spellcasting   | 3 |  3.3

Action                   |  1- 3 |  4- 6 || total
-------------------------+-------+-------++-------
Melee: Short sword       |    23 |       ||    23
       Unarmed           |     9 |     6 ||    15
       Rapier            |       |    49 ||    49
       Punch             |       |     1 ||     1
 Cast: Sandblast         |    18 |    30 ||    48
       Passwall          |       |     2 ||     2
Evoke: Wand              |       |     3 ||     3
  Use: Scroll            |       |     2 ||     2
       Potion            |       |     1 ||     1
 Stab: Sleeping          |     4 |     3 ||     7
Armor: Robe              |     8 |     9 ||    17
       Skin              |     1 |     1 ||     2
Dodge: Dodged            |    25 |    72 ||    97
